 Dungeon Crawl Stone Soup version 0.20.1-1-g8b1a95d (webtiles) character file.

102 Honti the Firebug (level 4, -4/33 HPs)
             Began as a Draconian Fire Elementalist on July 21, 2017.
             Killed by divine providence
             ... invoked by an orc priest
              (10 damage)
             ... on level 2 of the Dungeon.
             The game lasted 00:15:53 (2986 turns).

Honti the Firebug (Draconian Fire Elementalist)     Turns: 2986, Time: 00:15:53

Health: -4/33      AC:  5    Str: 10    XL:     4   Next: 49%
Magic:  1/7        EV: 12    Int: 16    God:
Gold:   167        SH:  0    Dex: 12    Spells: 4/7 levels left

rFire    . . .     SeeInvis .   u - +1 dagger (venom)
rCold    . . .     Gourm    .   (no shield)
rNeg     . . .     Faith    .   (armour unavailable)
rPois    .         Spirit   .   (helmet restricted)
rElec    .         Reflect  .   (no cloak)
rCorr    .         Harm     .   (no gloves)
MR       .....                  (no boots)
Stlth    ++........             (no amulet)
Regen    0.2/turn               (no ring)
MPRegen  0.1/turn               (no ring)

@: very slightly contaminated
A: unfitting armour, cold-blooded, AC +5
a: no special abilities


You were on level 2 of the Dungeon.
You were not hungry.

You visited 1 branch of the dungeon, and saw 3 of its levels.

You collected 167 gold pieces.

Inventory:

Hand Weapons
 u - a +1 dagger of venom (weapon)
Scrolls
 c - a scroll of identify {unknown}
 d - a scroll of enchant armour {unknown}
 f - a scroll of amnesia {unknown}
 h - a scroll of immolation {unknown}
 m - a scroll of magic mapping {unknown}
 n - a scroll of enchant weapon {unknown}
 p - a scroll of recharging {unknown}
 q - a scroll of blinking {unknown}
 r - a scroll of remove curse {unknown}
Potions
 e - 5 potions of lignification {unknown}
 g - 2 potions of heal wounds {unknown}
 i - 5 potions of curing {unknown}
 j - a potion of might {unknown}
 l - a potion of berserk rage {unknown}
 o - a potion of degeneration {unknown}
 s - a potion of flight {unknown}
Books
 a - a book of Flames

   Spells                             Type                      Level
   a - Flame Tongue                   Conjuration/Fire             1
   b - Throw Flame                    Conjuration/Fire             2
   c - Conjure Flame                  Conjuration/Fire             3
   d - Inner Flame                    Hexes/Fire                   3
   e - Sticky Flame                   Conjuration/Fire             4
   f - Fireball                       Conjuration/Fire             5
Comestibles
 b - a bread ration


   Skills:
 - Level 1.7 Dodging
 - Level 1.7 Stealth
 + Level 2.4 Spellcasting
 + Level 2.3 Conjurations
 * Level 4.4 Fire Magic


You had 4 spell levels left.
You knew the following spells:

 Your Spells              Type           Power        Failure   Level  Hunger
a - Flame Tongue          Conj/Fire      ##...        4%          1    #......
b - Throw Flame           Conj/Fire      ##....       8%          2    ###....


Dungeon Overview and Level Annotations

Branches:
Dungeon (3/15)

Altars:
Dithmenos
Yredelemnul

Annotations:
D:3 Jessica


Innate Abilities, Weirdness & Mutations

Your plain brown scales are hard. (AC +5)
You cannot fit into any form of body armour.
You are cold-blooded and may be slowed by cold attacks.


Message History

The flame tongue misses the orc priest.
The flame tongue hits the worm.
The worm is severely wounded.
The orc priest completely misses you.
You hit the orc priest.
You tail-slap the orc priest, but do no damage.
The orc priest is severely wounded.
The orc priest mumbles some strange prayers to Beogh against you.
Pain shoots through your body!
* * * LOW HITPOINT WARNING * * *
You closely miss the orc priest.
The orc priest is severely wounded.
The orc priest looks braver for a moment.
You barely miss the orc priest.
The orc priest is severely wounded.
The orc priest hits you but does no damage.
You hit the orc priest but do no damage.
The orc priest is severely wounded.
The orc priest calls down the wrath of Beogh upon you.
Beogh smites you!
You die...

#.........##.###..# ###
#.........##...#..# ..#
#......)..####.#..# ..#
#..............#..# ..######
#############..#..######
.......#########.....#..#.......#
.......'........w..#.#....#####.#
.......#########o#.#.##.#####<#.#
.......# #@#.#.##.......#.#
.......# #.#.#.######.#.#.#
.......# #.#.#....# #.#.#.#
#......###### ##.#.####.# #.#.#.#
............# #.........# #...#.#
............###...####..#######.#
............#........#..........#
............#..<#......##########
............#####..........#


You could see a worm and an orc priest.

Vanquished Creatures
  2 adders (D:2)
  2 gnolls (D:1)
  A worm (D:2)
  A dart slug (D:1)
  3 leopard geckos
  2 orcs (D:3)
  A giant cockroach (D:2)
  10 goblins
  7 hobgoblins
  7 kobolds (D:1)
  A ball python (D:1)
  10 bats
  A frilled lizard (D:1)
  8 rats
  A spectral orc (D:2)
57 creatures vanquished.

Vanquished Creatures (others)
  A plant (D:1)
1 creature vanquished.

Grand Total: 58 creatures vanquished

Notes
Turn   | Place    | Note
-------+----------+-------------------------------------------
     0 | D:1      | Honti the Draconian Fire Elementalist began the quest for the Orb.
     0 | D:1      | Reached XP level 1. HP: 14/14 MP: 3/3
   312 | D:1      | Reached XP level 2. HP: 20/20 MP: 0/5
   854 | D:1      | Learned a level 2 spell: Throw Flame
  1112 | D:1      | Reached XP level 3. HP: 26/26 MP: 3/6
  1691 | D:2      | Found a shadowy altar of Dithmenos.
  1821 | D:2      | Reached skill level 4 in Fire Magic
  1825 | D:2      | Reached XP level 4. HP: 27/33 MP: 0/7
  2088 | D:2      | Found a basalt altar of Yredelemnul.
  2649 | D:3      | Noticed Jessica
  2986 | D:2      | Killed from afar by an orc priest

Skill      XL: |  1  2  3 |
---------------+----------+-----
Conjurations   | 2 |  2.3
Fire Magic     | 4 |  4.4
Dodging        | |  1.7
Stealth        | |  1.7
Spellcasting   | |  2.4

Action                   |  1- 3 |  4- 6 || total
-------------------------+-------+-------++-------
Melee: Unarmed           |     3 |       ||     3
       Club              |     1 |       ||     1
       Dagger            |     8 |    30 ||    38
       Tailslap          |       |     3 ||     3
 Cast: Flame Tongue      |    59 |    26 ||    85
       Throw Flame       |     1 |    12 ||    13
 Stab: Sleeping          |     1 |     2 ||     3
  Eat: Chunk             |     4 |     3 ||     7
       Meat ration       |       |     1 ||     1
Armor: Skin              |    11 |    15 ||    26
Dodge: Dodged            |    27 |    24 ||    51
